 Dungeon Crawl Stone Soup version 0.27-a0-1193-g8631133539 (webtiles) character file.

Game seed: 17954260564766234477

1227 senseless the Skirmisher (level 8, -6/65 HPs)
             Began as a Demonspawn Monk on May 25, 2021.
             Mangled by a water moccasin (7 damage)
             ... on level 5 of the Dungeon.
             The game lasted 00:12:16 (6086 turns).

senseless the Skirmisher (Demonspawn Monk)          Turns: 6086, Time: 00:12:17

Health: -6/65      AC: 11    Str: 17    XL:     8   Next: 23%
Magic:  2/2        EV:  8    Int:  9    God:
Gold:   234        SH:  5    Dex: 16    Spells: 7/7 levels left

rFire    . . .     SeeInvis .   l - +1 short sword of Dissatisfaction {antimagic, rElec Will++ Str+4 Int-3}
rCold    . . .     Faith    .   e - +0 buckler
rNeg     + . .     Spirit   .   h - +0 chain mail
rPois    .         Reflect  .   f - +0 helmet
rElec    +         Harm     .   (no cloak)
rCorr    .         Rampage  .   (no gloves)
Will     ++...                  (no boots)
Stlth    ..........             (no amulet)
HPRegen  0.20/turn              j - ring of positive energy
MPRegen  0.08/turn              (no ring)

@: lethally poisoned (-6 -> -8)
A: talons 1, powered by pain 1, sharp scales 1
a: no special abilities


You were on level 5 of the Dungeon.
You visited 1 branch of the dungeon, and saw 5 of its levels.

You collected 234 gold pieces.

Inventory:

Hand Weapons
 a - a +2 mace
 l - the +1 short sword of Dissatisfaction (weapon) {antimagic, rElec Will++ Str+4 Int-3}
   (You found it on level 5 of the Dungeon)

   It reduces the magical energy of the wielder, and disrupts the spells and
   magical abilities of those hit.
   Natural abilities and divine invocations are not affected.
   It affects your strength (+4).
   It affects your intelligence (-3).
   It insulates you from electricity.
   It greatly increases your willpower.
Armour
 e - a +0 buckler (worn)
 f - a +0 helmet (worn)
 h - a +0 chain mail (worn)
Jewellery
 j - a ring of positive energy (left hand)
Scrolls
 b - 2 scrolls of teleportation
 k - a scroll of magic mapping {unknown}
 m - 2 scrolls of amnesia
 p - a scroll of identify
 q - a scroll of enchant weapon
Potions
 c - 2 potions of haste
 d - a potion of berserk rage
 g - a potion of invisibility
 i - a potion of mutation {unknown}
 n - a potion of ambrosia
 o - a potion of flight {unknown}


   Skills:
 * Level 6.7 Fighting
 + Level 1.7 Short Blades
 - Level 4.0 Maces & Flails
 + Level 3.1 Armour
 + Level 4.5 Dodging
 - Level 1.7 Stealth
 + Level 3.2 Shields


You had 7 spell levels left.
You didn't know any spells.
Your spell library contained the following spells:

 Spells                   Type           Power      Damage    Failure   Level
 Foxfire                  Conj/Fire      0%         2x1d4     100%        1
 Magic Dart               Conj           0%         1d3       100%        1
 Searing Ray              Conj           0%         3d3       100%        2
 Conjure Flame            Conj/Fire      0%         6-21      100%        3
 Dazzling Flash           Conj/Hex       0%         N/A       100%        3
 Inner Flame              Hex/Fire       0%         N/A       100%        3
 Fulminant Prism          Conj/Hex       0%         3d6       100%        4
 Iskenderun's Mystic Bla  Conj/Tloc      0%         2d3       100%        4
 Sticky Flame             Conj/Fire      0%         2d3       100%        4
 Fireball                 Conj/Fire      0%         3d3       100%        5


Dungeon Overview and Level Annotations

Branches:
Dungeon (5/15)
 Temple: D:4-7

Altars:
Nemelex Xobeh
Trog
Xom
Zin

Shops:
D:4 (


Innate Abilities, Weirdness & Mutations

You have sharp toenails.
You sometimes gain a little power by taking damage.
You are partially covered in razor-sharp scales. (AC +1, Slay +1)


Message History

The water moccasin poisons you! The water moccasin barely misses you.
The gnoll hits you with a +0 flail.
The gnoll hits you from afar with a +0 halberd!
You feel very sick. The gnoll hits you with a +0 flail.
The gnoll hits you but does no damage.
You see here a +0 whip.
You hit the gnoll. Your kick misses the gnoll.
The gnoll is moderately wounded.
You feel very sick. The water moccasin barely misses you.
You block the water moccasin's attack. The gnoll closely misses you.
The gnoll barely misses you.
You closely miss the gnoll.
The gnoll is moderately wounded.
You feel sick.
The water moccasin bites you but does no damage.
You block the gnoll's attack. The gnoll closely misses you.
You hit the water moccasin.
The water moccasin is moderately wounded.
You feel sick. You block the water moccasin's attack.
You block the gnoll's attack. x2
You miss the water moccasin. You claw the water moccasin.
The water moccasin is heavily wounded.
You feel sick.
The water moccasin bites you but does no damage.
The water moccasin bites you!
* * * LOW HITPOINT WARNING * * *
You block the gnoll's attack. The gnoll closely misses you.
You hit the water moccasin. Your kick misses the water moccasin.
The water moccasin is heavily wounded.
You feel sick.
The water moccasin bites you but does no damage.
The gnoll hits you with a +0 flail.
* * * LOW HITPOINT WARNING * * *
The gnoll hits you with a +0 halberd.
* * * LOW HITPOINT WARNING * * *
You closely miss the water moccasin.
The water moccasin is heavily wounded.
* * * LOW HITPOINT WARNING * * *
You feel sick. The water moccasin bites you!
You die...

#.........#
#.........##
#####..!......)#
..............#
..............#
##............$## .#.
..# #........... ...
#.# #.g@g.....# ...
#.######S.....#
...###
#....Z..>.!...# # ..#
##..####...)...# #
#.# ##.†......#.....#
#
#.###..#.######.....#
####........# .....#
...............#
#.#.##
...............# .#.#


You could see a water moccasin and 2 gnolls.

Vanquished Creatures
  A water moccasin (D:5)
  2 ice beasts
  2 ogres (D:4)
  A scorpion (D:4)
  A wyvern skeleton (D:3)
  A water moccasin skeleton (D:3)
  The ghost of p0werm0de the Skirmisher, a weakling GrFi (D:3)
  A centaur zombie (D:5)
  A bullfrog zombie (D:3)
  3 hounds
  A bullfrog skeleton (D:3)
  A centaur skeleton (D:4)
  An iguana (D:5)
  3 orc wizards (D:5)
  2 hound skeletons (D:4)
  A howler monkey zombie (D:3)
  A gnoll (D:5)
  11 adders
  An adder skeleton (D:4)
  A worm (D:2)
  7 orcs
  5 ball pythons
  4 endoplasms
  10 giant cockroaches
  8 goblins
  7 hobgoblins
  10 jackals
  2 quokkas (D:1)
  8 bats
  2 frilled lizards (D:1)
  6 kobolds (D:1)
  A quokka skeleton (D:4)
  4 rats
111 creatures vanquished.

Notes
Turn   | Place    | Note
-------+----------+-------------------------------------------
     0 | D:1      | senseless the Demonspawn Monk began the quest for the Orb.
     0 | D:1      | Reached XP level 1. HP: 18/18 MP: 1/1
   275 | D:1      | Gained mutation: You are partially covered in razor-sharp
                  | scales. (AC +1, Slay +1) [demonic ancestry]
   275 | D:1      | Reached XP level 2. HP: 15/24 MP: 2/2
   911 | D:1      | Reached XP level 3. HP: 29/29 MP: 3/3
  1757 | D:2      | Reached skill level 4 in Fighting
  1757 | D:2      | Gained mutation: You have sharp toenails. [demonic
                  | ancestry]
  1757 | D:2      | Reached XP level 4. HP: 37/37 MP: 4/4
  2123 | D:3      | Reached skill level 1 in Shields
  2324 | D:3      | Found a bloodstained altar of Trog.
  2343 | D:3      | Found a runed translucent gate.
  2343 | D:3      | Found a runed translucent gate.
  2343 | D:3      | Found a runed translucent gate.
  2722 | D:3      | Found a sparkling altar of Nemelex Xobeh.
  2823 | D:3      | Noticed p0werm0de's ghost (weakling GrFi)
  2891 | D:3      | Killed p0werm0de's ghost
  2892 | D:3      | Reached skill level 1 in Armour
  2892 | D:3      | Reached XP level 5. HP: 11/43 MP: 5/5
  2918 | D:3      | Gained mutation: You sometimes gain a little power by
                  | taking damage. [demonic ancestry]
  2918 | D:3      | Reached XP level 6. HP: 19/50 MP: 6/6
  2928 | D:3      | HP: 1/75 [wyvern skeleton (7)]
  2936 | D:3      | Reached skill level 5 in Fighting
  3637 | D:4      | Found Vucse's Antique Weapon Shop.
  3659 | D:4      | Found a shimmering altar of Xom.
  3660 | D:4      | Noticed an angel
  4138 | D:4      | Reached XP level 7. HP: 18/56 MP: 7/7
  5198 | D:5      | Entered Level 5 of the Dungeon
  5218 | D:5      | Identified the +1 short sword of Dissatisfaction
                  | {antimagic, rElec Will++ Str+4 Int-3}
  5286 | D:5      | Reached skill level 6 in Fighting
  5474 | D:5      | Reached skill level 1 in Short Blades
  6023 | D:4      | Reached XP level 8. HP: 65/65 MP: 2/8
  6085 | D:5      | HP: 2/65 [gnoll/+0 halberd (6)]
  6086 | D:5      | Mangled by a water moccasin

Illustrated notes

Levels and vault maps discovered:
D:1:      dpeg_arrival_three_same_balls, layout_basic, minmay_worlds_worst_comb
D:2:      layout_rooms
D:3:      layout_basic, trog_book, nemelex_xobeh_ov_fountains_minmay,
          gammafunk_ghost_necromancy
D:4:      layout_basic, grunt_temple_overflow_order_and_chaos_1, serial_shops,
          shop
D:5:      layout_rooms, overflow_temple_1_default

Skill      XL: |  1  2  3  4  5  6  7 |
---------------+----------------------+-----
Maces & Flails | 3 4 |  4.0
Dodging        | 3 4 |  4.5
Fighting       | 4 5 6 |  6.7
Shields        | 1 2 3 |  3.2
Armour         | 1 2 3 |  3.1
Short Blades   | 1 |  1.7
Stealth        | |  1.7

Action                   |  1- 3 |  4- 6 |  7- 9 || total
-------------------------+-------+-------+-------++-------
Melee: Mace              |   177 |   199 |    11 ||   387
       Kick              |       |    59 |    32 ||    91
       Short sword       |       |       |    91 ||    91
  Use: Scroll            |     1 |     5 |     9 ||    15
       Potion            |       |     2 |       ||     2
 Stab: Sleeping          |     6 |       |       ||     6
Armor: Robe              |    26 |       |       ||    26
       Chain mail        |    55 |   104 |    53 ||   212
       Skin              |       |    25 |       ||    25
Dodge: Dodged            |   143 |    65 |    36 ||   244
Block: Buckler           |    20 |    44 |    34 ||    98

Table legend: (Time is in decaauts)
 A = Elapsed time spent in this place.
 B = Non-inter-level travel time spent in this place.
 C = Inter-level travel time spent in this place.
 D = Time resting spent in this place.
 E = Time spent auto-exploring this place.
 F = Levels seen in this place.
 G = Mean time per level.
                   A        B        C        D        E       F      G
               +--------+--------+--------+--------+--------+-----+--------+
         Total |   6208 |   5958 |    250 |   1108 |   3871 |   5 | 1241.6 |
       Dungeon |   6208 |   5958 |    250 |   1108 |   3871 |   5 | 1241.6 |
               +--------+--------+--------+--------+--------+-----+--------+

Top non-repeatable levels by time:
     D:4: 2220 daAuts
     D:1: 1426 daAuts
     D:3: 1231 daAuts
     D:2: 686 daAuts
     D:5: 643 daAuts
